 Dungeon Crawl Stone Soup version 0.30-a0-760-g5a9884bb7c (webtiles) character file.

Game seed: 9622084858009864007

38 cforsyth the Gusty (level 3, -4/19 HPs)
             Began as a Tengu Air Elementalist on Feb 11, 2023.
             Slain by Natasha (7 damage)
             ... on level 2 of the Dungeon.
             The game lasted 00:02:58 (1456 turns).

cforsyth the Gusty (Tengu Air Elementalist)         Turns: 1456, Time: 00:02:59

Health: -4/19      AC:  2    Str:  8    XL:     3   Next: 43%
Magic:  0/7        EV: 12    Int: 17    God:
Gold:   59         SH:  0    Dex: 14    Spells: 1/7 levels left

rFire   . . .      SeeInvis .    (no weapon)
rCold   . . .      Faith    .    (no shield)
rNeg    . . .      Spirit   .    a - +0 robe
rPois   .          Reflect  .    (helmet restricted)
rElec   .          Harm     .    (no cloak)
rCorr   .          Rampage  .    (no gloves)
Will    .....                    (boots unavailable)
Stlth   ++                       (no amulet)
HPRegen 0.23/turn                (no ring)
MPRegen 0.10/turn                (no ring)

@: very slightly contaminated
A: beak, talons 3
a: no special abilities


You were on level 2 of the Dungeon.
You visited 1 branch of the dungeon, and saw 2 of its levels.

You collected 59 gold pieces.

Inventory:

Armour
 a - a +0 robe (worn)
Scrolls
 f - 3 scrolls of torment {unknown}
 g - a scroll of enchant armour {unknown}
 h - a scroll of teleportation {unknown}
 j - a scroll of identify {unknown}
Potions
 b - a potion of magic
 c - a potion of haste {unknown}
 e - a potion of ambrosia {unknown}
 i - a potion of brilliance {unknown}


   Skills:
 - Level 2.1 Dodging
 - Level 2.0 Stealth
 + Level 2.5 Spellcasting
 + Level 2.7 Conjurations
 + Level 4.7 Air Magic


You had one spell level left.
You knew the following spells:

 Your Spells              Type           Power      Damage    Failure   Level
a - Shock                 Conj/Air       56%        1d6       4%          1
b - Static Discharge      Conj/Air       28%        2-4/arc   6%          2
c - Swiftness             Air            18%        N/A       8%          3

Your spell library contained the following spells:

 Spells                   Type           Power      Damage    Failure   Level
 Foxfire                  Conj/Fire      24%        2x1d5     11%         1
 Airstrike                Air            9%         2d(2-18)  26%         4
 Fireball                 Conj/Fire      3%         3d4       96%         5
 Starburst                Conj/Fire      3%         6d3       100%        6


Dungeon Overview and Level Annotations

Branches:
Dungeon (2/15)

Altars:

Annotations:
D:2 Natasha


Innate Abilities, Weirdness & Mutations

You have a beak for a mouth.
You have claws for feet.


Message History

Confirm with . or Enter, or press ? or * to list all spells.
Aiming: Shock (safe; 4% risk of failure)
Press: ? - help, Shift-Dir - straight line, f/p - Natasha
Aim: Natasha (heavily wounded, unusually resistant, 64% to hit)
The zap hits Natasha.
Natasha resists.
Natasha is heavily wounded.
The zap hits the crimson imp.
The crimson imp is moderately wounded.
Natasha claws you.
* * * LOW HITPOINT WARNING * * *
Casting: Shock (safe; 4% risk of failure)
Confirm with . or Enter, or press ? or * to list all spells.
Aiming: Shock (safe; 4% risk of failure)
Press: ? - help, Shift-Dir - straight line, f/p - Natasha
Aim: Natasha (heavily wounded, unusually resistant, 64% to hit)
The zap hits Natasha.
Natasha completely resists.
Natasha is heavily wounded.
The zap misses the crimson imp.
Natasha claws you.
* * * LOW HITPOINT WARNING * * *
Unknown command.
It was a potion of curing.
You feel better. Natasha claws you!
* * * LOW HITPOINT WARNING * * *
You feel better.
Natasha mumbles some strange words.
You feel disoriented. Natasha casts a spell at you. The magic dart hits you!
* * * LOW HITPOINT WARNING * * *
You hit Natasha but do no damage. You claw Natasha.
Natasha is almost dead.
Natasha barely misses you.
Casting: Shock (safe; 4% risk of failure)
Confirm with . or Enter, or press ? or * to list all spells.
Aiming: Shock (safe; 4% risk of failure)
Press: ? - help, Shift-Dir - straight line, f/p - Natasha
Aim: Natasha (almost dead, unusually resistant, 64% to hit)
The zap misses Natasha.
The zap hits the crimson imp.
The crimson imp is heavily wounded.
Natasha claws you!
You die...

# #.
#.####
#.5h.#
#@#
#<#
#.#
#.#
#.#
#.#
#.#
#.#
..#


You could see Natasha (resistant) and a crimson imp (summoned).

Vanquished Creatures
  2 dart slugs (D:1)
  2 bats
  2 endoplasms (D:1)
  A giant cockroach (D:1)
  3 goblins (D:1)
  6 hobgoblins
  7 kobolds (D:1)
  3 quokkas (D:1)
  A frilled lizard (D:1)
  4 rats (D:1)
31 creatures vanquished.

Notes
Turn   | Place    | Note
-------+----------+-------------------------------------------
     0 | D:1      | cforsyth the Tengu Air Elementalist began the quest for the
                  | Orb.
     0 | D:1      | Reached XP level 1. HP: 10/10 MP: 4/4
   251 | D:1      | Reached XP level 2. HP: 15/15 MP: 0/6
   871 | D:1      | Reached XP level 3. HP: 17/19 MP: 0/7
  1415 | D:1      | Learned a level 2 spell: Static Discharge
  1419 | D:1      | Learned a level 3 spell: Swiftness
  1445 | D:2      | Noticed Natasha
  1456 | D:2      | Slain by Natasha

Illustrated notes

Levels and vault maps discovered:
D:1:      dpeg_arrival_boxorama, layout_basic, minmay_heptomino_w4
D:2:      layout_loops_ring, chequers_ecumenical_altar_simple_redux,
          basic_altar, uniq_natasha

Skill      XL: |  1 |
---------------+----+-----
Conjurations   | 2 |  2.7
Dodging        | |  2.1
Stealth        | |  2.0
Spellcasting   | |  2.5
Air Magic      | |  4.7

Action                     || total
---------------------------++-------
  Melee: Unarmed           ||    13
         Kick              ||     3
         Peck              ||     2
   Cast: Shock             ||    79
    Use: Potion            ||     2
 Armour: Robe              ||     8
  Dodge: Dodged            ||    26

Table legend: (Time is in decaauts)
 A = Elapsed time spent in this place.
 B = Non-inter-level travel time spent in this place.
 C = Inter-level travel time spent in this place.
 D = Time resting spent in this place.
 E = Time spent auto-exploring this place.
 F = Levels seen in this place.
 G = Mean time per level.
                   A        B        C        D        E       F      G
               +--------+--------+--------+--------+--------+-----+--------+
         Total |   1455 |   1452 |      3 |      0 |   1237 |   2 |  727.5 |
       Dungeon |   1455 |   1452 |      3 |      0 |   1237 |   2 |  727.5 |
               +--------+--------+--------+--------+--------+-----+--------+

Top non-repeatable levels by time:
     D:1: 1422 daAuts
     D:2: 33 daAuts
